 Dungeon Sprint DCSS version 0.25.1-4-g9407a263a5 (webtiles) character file.

Game seed: 15135044110194242500

1570 Atelerd the Blocker (level 8, -4/64 HPs)
             Began as an Octopode Fighter on Nov 26, 2020.
             Was a High Priest of Makhleb.
             Slain by a cyclops (21 damage)
             ... in the Dungeon (Sprint V: "Ziggurat Sprint").
             The game lasted 00:02:04 (357 turns).

Atelerd the Blocker (Octopode Fighter)               Turns: 357, Time: 00:02:05

Health: -4/64      AC:  1    Str: 29    XL:     8   Next: 90%
Magic:  9/10       EV: 20    Int: 11    God:    Makhleb [*****.]
Gold:   0          SH: 32    Dex: 23    Spells: 7/7 levels left

rFire    . . .     SeeInvis +   G - +14 obsidian axe {vorpal, +Fly SInv *Curse} (curse)
rCold    . . .     Gourm    .   H - +18 shield of the Gong {rElec rN+ MR+ EV-5}
rNeg     + . .     Faith    .   (helmet restricted)
rPois    .         Spirit   .   (no amulet)
rElec    +         Reflect  .   x - +6 ring of dexterity
rCorr    .         Harm     .   y - +6 ring of dexterity
MR       +....     NoTele   +   B - +6 ring of strength
Stlth    +++.......             C - +6 ring of strength
HPRegen  0.20/turn              J - +4 ring of evasion
MPRegen  0.12/turn              (no ring)
                                (no ring)
                                (no ring)

@: mesmerised, very slightly contaminated, invisible
A: almost no armour, stealthy swim, amphibious, 8 rings, constrict 8, camouflage
1, gelatinous body 1
a: Minor Destruction, Lesser Servant of Makhleb, Major Destruction, Greater
Servant of Makhleb, Renounce Religion, Evoke Flight


You were in the Dungeon.
You worshipped Makhleb.
Makhleb was extremely pleased with you.
You were not hungry.

You visited 1 branch

Inventory:

Hand Weapons
 a - a +0 war axe
 n - the +8 autumn katana {vorpal, Clar}
   (You found it in the Dungeon)

   It inflicts extra damage upon your enemies.
   It protects you against confusion.
 G - the cursed +14 obsidian axe (weapon) {vorpal, +Fly SInv *Curse}
   (You found it in the Dungeon)

   It inflicts extra damage upon your enemies.
   It lets you see invisible.
   It lets you fly.
   It curses itself when equipped.
   It has a curse placed upon it.
Armour
 b - a +0 kite shield
 H - the +18 shield of the Gong (worn) {rElec rN+ MR+ EV-5}
   (You found it in the Dungeon)

   It affects your evasion (-5).
   It insulates you from electricity.
   It protects you from negative energy.
   It affects your resistance to hostile enchantments.
Jewellery
 w - an uncursed ring of flight
 x - a +6 ring of dexterity (left tentacle)
 y - a +6 ring of dexterity (right tentacle)
 z - a +6 ring of intelligence
 A - a +6 ring of intelligence
 B - a +6 ring of strength (on tentacle)
 C - a +6 ring of strength (on tentacle)
 J - a +4 ring of evasion (on tentacle)
Wands
 D - a wand of disintegration (7)
 E - a wand of iceblast (7)
 F - a wand of acid (7)
Scrolls
 j - 4 scrolls of blinking
 p - 4 scrolls of amnesia
 q - 6 scrolls of fog
 r - a scroll of holy word
 s - 5 scrolls of identify
 t - 5 scrolls of remove curse
 u - 2 scrolls of fear
Potions
 c - 6 potions of might
 e - 9 potions of curing
 f - 9 potions of heal wounds
 g - 6 potions of haste
 h - 7 potions of magic
 i - 2 potions of berserk rage
 k - 2 potions of brilliance
 l - a potion of invisibility
 m - 4 potions of resistance
 o - 5 potions of stabbing
Miscellaneous
 v - a lightning rod (4/4)
 I - a phantom mirror
Comestibles
 d - 7 rations


   Skills:
 + Level 10.1 Fighting
 + Level 9.9 Axes
 + Level 10.1 Dodging
 + Level 10.1 Shields
 + Level 3.2 Invocations


You had 7 spell levels left.
You didn't know any spells.
Your spell library was empty.

Dungeon Overview and Level Annotations

Branches:
Dungeon (1/1)

Altars:
Ashenzari
Cheibriados
Dithmenos
Elyvilon
Fedhas
Gozag
Hepliaklqana
Kikubaaqudgha
Makhleb
Nemelex Xobeh
Okawaru
Qazlal
Ru
Sif Muna
Trog
Uskayaw
Vehumet
Wu Jian
Xom
Yredelemnul
Zin
The Shining One
Beogh
Jiyva
Lugonu

Annotations:
D 1 transporter


Innate Abilities, Weirdness & Mutations

You cannot wear most types of armour.
You are very stealthy in the water. (Stealth+)
You are amphibious.
You can wear up to eight rings at the same time.
You can use your tentacles to constrict eight enemies at once.
Your skin changes colour to match your surroundings (Stealth+).
Your rubbery body absorbs attacks. (AC +1, EV +1)


Message History

You constrict the merfolk.
The merfolk escapes!
The hippogriff completely misses you. You block the hippogriff's attack.
SHROANNG!
You block the hippogriff's attack.
BOUMMMMG!
The cyclops hits you!!
* * * LOW HITPOINT WARNING * * *
Unknown command.
You slash the hippogriff!
You break out of your daze!
You kill the hippogriff!
Makhleb accepts your kill.
You feel better.
Your Fighting skill increases to level 10!
Your Shields skill increases to level 10!
Your Invocations skill increases to level 3!
You slash the cyclops! You hit the merfolk but do no damage.
Visions of slaying the cyclops flood into your mind.
The cyclops hits you!!
You die...

▓▓▓▓▓▓▓▓▓▓▓▓▓▓▓▓▓▓▓
.8©8.. ▓..:.)..▓
▓.m=:=..▓ ▓.....§.▓
▓.....§§▓ ▓..m§m§§▓
.§§§mC.▓ ▓.▓§§@▓§▓
▓.§§§§§.▓ ▓▓▓▓▓▓▓▓▓


You could see 3 merfolk and a cyclops (mesmerising).

Vanquished Creatures
  3 merfolk (D)
  A hippogriff (D)
  3 yaks (D)
  A porcupine (D)
  A centaur (D)
  A bullfrog (D)
  2 orc priests (D)
  An orc wizard (D)
  An iguana (D)
  A white imp (D)
  An adder simulacrum (D)
  An orc (D)
  2 jackals (D)
19 creatures vanquished.

Vanquished Creatures (collateral kills)
  A jackal (D)
1 creature vanquished.

Grand Total: 20 creatures vanquished

Notes
Turn   | Place    | Note
-------+----------+-------------------------------------------
     0 | D        | Atelerd the Octopode Fighter began the quest for the Orb.
     0 | D        | Reached XP level 1. HP: 16/16 MP: 1/1
     0 | D        | Found a shimmering blue altar of Sif Muna.
     0 | D        | Found a bloodstained altar of Trog.
     0 | D        | Found a sacrificial altar of Ru.
     0 | D        | Found a stormy altar of Qazlal.
     0 | D        | Found an iron altar of Okawaru.
     1 | D        | Found a sparkling altar of Nemelex Xobeh.
     1 | D        | Found a blossoming altar of Fedhas.
     2 | D        | Found the +6 Majin-Bo {vamp, Archmagi MP+6 Int+6}
     2 | D        | Found the +7 great mace "Firestarter" {inner flame, rF++}
     3 | D        | Found a transporter.
     3 | D        | Found an ancient bone altar of Kikubaaqudgha.
     3 | D        | Found a viscous altar of Jiyva.
     3 | D        | Found a corrupted altar of Lugonu.
     3 | D        | Found a hazy altar of Hepliaklqana.
     3 | D        | Found a burning altar of Makhleb.
     3 | D        | Found an opulent altar of Gozag.
    26 | D        | Found the +9 heavy crossbow "Sniper" {vorpal, Acc+∞ SInv}
    26 | D        | Found the +10 dark maul {vorpal}
    26 | D        | Found the +15 Maxwell's patent armour {-Cast -Tele rElec
                  | MR+ rCorr}
    26 | D        | Found the +18 shield of the Gong {rElec rN+ MR+ EV-5}
    26 | D        | Found the cursed +14 obsidian axe {vorpal, +Fly SInv
                  | *Curse}
    27 | D        | Found the +6 shillelagh "Devastator" {shatter}
    27 | D        | Found the +11 plutonium sword {*Contam Stlth-}
    27 | D        | Found the +8 lance "Wyrmbane" {slay drac, rPois rF+ rC+
                  | AC+3}
    27 | D        | Found the +9 sword of Zonguldrok {reap}
    27 | D        | Found the cursed +13 scythe of Curses {drain, *Curse}
    27 | D        | Found the +0 sword of Power
    27 | D        | Found the +7 mace of Variability {chain chaos}
    27 | D        | Found the +7 Singing Sword {vorpal, sonic wave}
    27 | D        | Found the +8 storm bow {elec, penet}
    32 | D        | Became a worshipper of Makhleb the Destroyer
    54 | D        | Reached XP level 2. HP: 23/23 MP: 2/2
    61 | D        | Entered arena 2.
    61 | D        | Found a transporter.
    72 | D        | Entered arena 3.
    72 | D        | Noticed a merfolk
    72 | D        | Noticed a merfolk
    72 | D        | Noticed a merfolk
    72 | D        | Found a transporter.
    74 | D        | HP: 1/23 [merfolk/+2 trident of venom (22)]
    80 | D        | Killed a merfolk
    80 | D        | Reached * piety under Makhleb
    80 | D        | Reached XP level 3. HP: 29/32 MP: 3/3
    80 | D        | Reached XP level 4. HP: 34/38 MP: 4/4
    80 | D        | Reached XP level 5. HP: 38/43 MP: 5/5
    80 | D        | Reached XP level 6. HP: 44/49 MP: 6/6
    83 | D        | Killed a merfolk
    83 | D        | Reached XP level 7. HP: 47/55 MP: 7/7
    84 | D        | Killed a merfolk
    84 | D        | Reached ** piety under Makhleb
   232 | D        | Entered arena 4.
   232 | D        | Noticed a yak
   232 | D        | Noticed a yak
   232 | D        | Noticed a yak
   232 | D        | Found a transporter.
   233 | D        | Found the +8 autumn katana {vorpal, Clar}
   235 | D        | Killed a yak
   236 | D        | Killed a yak
   236 | D        | Reached XP level 8. HP: 56/63 MP: 8/8
   238 | D        | Killed a yak
   238 | D        | Reached *** piety under Makhleb
   271 | D        | Entered arena 5.
   271 | D        | Found a transporter.
   278 | D        | Reached **** piety under Makhleb
   292 | D        | Entered arena 6.
   292 | D        | Found a transporter.
   294 | D        | Reached skill level 1 in Invocations
   348 | D        | Entered arena 7.
   348 | D        | Noticed a merfolk
   348 | D        | Noticed a merfolk
   348 | D        | Noticed a cyclops
   348 | D        | Noticed a merfolk
   348 | D        | Noticed a hippogriff
   353 | D        | Found a transporter.
   356 | D        | Reached ***** piety under Makhleb
   356 | D        | Reached skill level 10 in Dodging
   357 | D        | Killed a hippogriff
   357 | D        | Reached skill level 10 in Fighting
   357 | D        | Reached skill level 10 in Shields
   357 | D        | Slain by a cyclops

Illustrated notes

Levels and vault maps discovered:
D:        sprint_v [room_start, room_1, room_2, room_3, room_4, room_5, room_6,
          room_7, room_8, room_9, room_10, room_11, room_12, room_13, room_14,
          room_15, room_16, room_17, room_18, room_19, room_20, room_21,
          room_22, room_23, room_24, room_25, room_26, room_27]

Skill      XL: |  1  2  3  4  5  6  7  8 |
---------------+-------------------------+-----
Fighting       | 4 7 8 9 10 | 10.1
Axes           | 4 6 7 9 |  9.9
Dodging        | 4 7 8 9 10 | 10.1
Shields        | 4 7 8 9 10 | 10.1
Invocations    | 3 |  3.2

Action                   |  1- 3 |  4- 6 |  7- 9 || total
-------------------------+-------+-------+-------++-------
Melee: Broad axe         |     4 |     2 |    17 ||    23
       Tentacles         |     2 |     1 |     4 ||     7
       Constrict         |     1 |       |     2 ||     3
  Use: Potion            |     4 |       |     1 ||     5
       Scroll            |       |       |     1 ||     1
 Stab: Invisible         |       |       |     1 ||     1
Armor: Skin              |       |       |     1 ||     1
Dodge: Dodged            |     2 |       |     7 ||     9
Block: Kite shield       |    10 |     5 |    30 ||    45
